AoeStats
← Rey William

Black Forest

509716959Analyzed
4v4 RM · 6d ago on Sep 27, 2026· 52m 28s· 8 players
Game mode
Random Map
Map size
Large (8 player)
Population
200
Speed
Normal
Resources
Standard
Victory
Conquest
Starting age
Dark Age
Ending age
Imperial Age
RankedLock teamsTeams togetherTeam positionsShared explorationLock speedFull tech treeHidden civsTurbo modeCheats
Victory
Defeat
🇦🇷 Danes · Argentina
1117
+17
🇦🇷 Celts · Argentina
1113
+18
🇦🇷 Mongols · Argentina
1110
+18
🇦🇷 Wu · Argentina
1106
+18
🇬🇧 Varangians · United Kingdom
1237
-22
🇫🇮 Britons · Finland
1191
-19
🇨🇴 Bohemians · Colombia
1112
-16
🇸🇪 Persians · Sweden
1050
-14
Rey William
3:28 Loom
12:16 Feudal Age
14:52 Double-Bit Axe
17:56 Castle Age
16:03 Horse Collar
16:30 Gold Mining
16:52 Stone Mining
18:59 Bow Saw
18:54 Heavy Plow
23:03 Wheelbarrow
25:31 Hand Cart
25:03 Town Watch
30:31 Imperial Age
28:31 Caravan
29:49 Scale Barding Armor
29:35 Fletching
29:57 Forging
30:39 Gold Shaft Mining
30:42 Stone Shaft Mining
30:35 Bloodlines
30:08 Light Cavalry
31:11 Chain Barding Armor
32:01 Husbandry
34:03 Chemistry
33:01 Murder Holes
33:43 Hussar
34:51 Elite Mangudai
37:21 Iron Casting
36:42 Bodkin Arrow
36:49 Padded Archer Armor
37:12 Ballistics
37:39 Drill
39:32 Bracer
39:48 Leather Archer Armor
40:55 Hoardings
41:55 Blast Furnace
40:55 Onager
43:08 Siege Onager
45:57 Siege Engineers
46:04 Masonry
46:04 Careening
51:28 Capped Ram
Soaquinnn
0:34 Loom
13:50 Feudal Age
19:35 Castle Age
17:33 Horse Collar
17:54 Double-Bit Axe
28:00 Imperial Age
26:30 Fortified Wall
27:30 Wheelbarrow
27:10 Town Watch
27:29 Heavy Plow
28:41 Hand Cart
29:24 Bow Saw
31:13 Forging
31:09 Scale Barding Armor
32:34 Gold Mining
32:07 Cavalier
32:48 Husbandry
33:11 Chain Barding Armor
33:23 Conscription
34:35 Town Patrol
35:58 Iron Casting
35:50 Ballistics
36:31 Chemistry
36:51 Paladin
39:43 Blast Furnace
47:28 Gold Shaft Mining
franb89
0:29 Loom
12:30 Feudal Age
18:36 Castle Age
17:22 Horse Collar
17:29 Double-Bit Axe
17:40 Gold Mining
17:42 Stone Mining
18:06 Forging
17:56 Scale Mail Armor
17:18 Man-at-Arms
17:46 Arson
21:51 Heavy Plow
37:01 Wheelbarrow
39:37 Imperial Age
37:45 Chain Mail Armor
38:06 Iron Casting
38:38 Hand Cart
39:17 Iron Casting
40:34 Onager
41:31 Hamask
42:45 Bow Saw
43:25 Northmen's Fury
45:53 Chemistry
45:14 Ballistics
46:22 Siege Engineers
45:58 Siege Onager
49:11 Blast Furnace
48:41 Plate Mail Armor
Pepim14
0:26 Loom
15:45 Feudal Age
15:50 Man-at-Arms
16:16 Arson
18:59 Double-Bit Axe
19:30 Town Watch
26:17 Castle Age
24:30 Horse Collar
24:55 Scale Mail Armor
25:20 Gold Mining
26:52 Forging
27:35 Chain Mail Armor
27:22 Squires
27:50 Bow Saw
28:58 Wheelbarrow
30:58 Hand Cart
30:30 Pikeman
33:40 Heavy Plow
39:20 Scale Barding Armor
39:37 Husbandry
39:48 Bloodlines
43:06 Imperial Age
43:00 Gold Shaft Mining
42:16 Stone Mining
42:57 Light Cavalry
43:25 Long Swordsman
45:28 Two-Man Saw
45:19 Conscription
44:25 Two-Handed Swordsman
45:18 Treadmill Crane
45:12 Champion
46:31 Iron Casting
46:38 Hussar
52:20 Fletching
52:51 Chain Barding Armor
Wegason
7:46 Loom
10:21 Feudal Age
12:02 Double-Bit Axe
13:15 Town Watch
15:35 Castle Age
13:30 Stone Mining
14:43 Horse Collar
19:59 Heavy Plow
25:36 Wheelbarrow
26:03 Bow Saw
26:16 Scale Barding Armor
26:44 Husbandry
26:55 Bloodlines
29:16 Hand Cart
31:51 Gold Mining
34:45 Imperial Age
33:21 Forging
34:04 Chain Barding Armor
36:11 Conscription
35:11 Elite Jarl
36:50 Crop Rotation
37:25 Plate Barding Armor
37:26 Iron Casting
39:27 Treadmill Crane
40:54 Chemistry
42:22 Blast Furnace
41:12 Fletching
42:47 Scale Mail Armor
45:21 Ballistics
48:32 Elite Skirmisher
49:13 Padded Archer Armor
49:09 Bodkin Arrow
48:53 Pikeman
49:34 Squires
50:46 Bracer
FedSmoker
6:39 Loom
12:22 Feudal Age
12:39 Horse Collar
12:48 Double-Bit Axe
21:14 Castle Age
20:24 Fletching
20:45 Forging
21:04 Crossbowman
22:09 Bodkin Arrow
37:13 Gold Mining
37:59 Caravan
38:48 Stone Mining
41:42 Pikeman
44:18 Squires
44:21 Scale Mail Armor
santiago.bs
0:55 Loom
14:32 Feudal Age
16:45 Double-Bit Axe
19:17 Double-Bit Axe
22:20 Castle Age
31:07 Wheelbarrow
34:53 Fortified Wall
39:27 Imperial Age
40:14 Fletching
41:59 Chemistry
43:25 Town Watch
44:41 Bow Saw
49:15 Hand Cart
50:22 Town Watch
raaka-arska666
0:51 Loom
12:20 Feudal Age
14:12 Double-Bit Axe
19:16 Castle Age
17:48 Horse Collar
20:19 Bow Saw
22:37 Stone Mining
25:27 Gold Mining
26:02 Town Watch
27:18 Heavy Plow
29:04 Fletching
29:16 Padded Archer Armor
30:05 Wheelbarrow
30:02 Bodkin Arrow
31:07 Leather Archer Armor
35:12 Imperial Age
33:32 Town Patrol
33:48 Hand Cart
35:37 Yeomen
36:54 Conscription
36:46 Bracer
37:38 Coinage
38:20 Two-Man Saw
38:51 Hoardings
39:15 Banking
38:46 Caravan
39:35 Leather Archer Armor
40:11 Caravan
41:20 Ballistics
42:00 Chemistry
41:07 Siege Engineers
41:14 Masonry
41:36 Warwolf
41:04 Elite Longbowman
41:13 Pikeman
41:54 Squires
42:18 Halberdier
43:48 Murder Holes
44:41 Scale Mail Armor
Connection lost

Rejoining the realm…

Still unreachable

The connection could not be restored.

Session expired

The server has moved on; the page needs a fresh start.